Map: Bridgehead LE (Void)

Players

NightEnD - Winner!

  • Race: Protoss Protoss
  • League: Master

Bioice

  • Race: Zerg Zerg
  • League: Diamond

Event: ASL Season 5 Prime League LOTV Beta

VOD

Have the link to the VOD?

Description

Time

  • Played on: Sept. 17, 2015, 7:02 p.m.
  • Length: 12:59

All games in this series

Show
View Real Time Build Order
Export as new Build Order

NightEnD Protoss - Winner!

Build Orders: Nexus First 

Get SALT Encoding   

  12  0:00  Probe (Chrono Boost)  
  13  0:10  Probe (Chrono Boost)  
  14  0:19  Pylon  
  14  0:21  Probe (Chrono Boost)  
  15  0:36  Probe (Chrono Boost)  
  16  0:46  Probe (Chrono Boost)  
  17  0:56  Probe (Chrono Boost)  
  18  1:00  Nexus  
  18  1:06  Probe (Chrono Boost)  
  19  1:15  Gateway  
  19  1:16  Probe (Chrono Boost)  
  20  1:24  Assimilator  
  20  1:26  Probe (Chrono Boost)  
  21  1:34  Pylon  
  21  1:36  Probe (Chrono Boost)  
  21  1:39  Assimilator  
  22  1:46  Probe (Chrono Boost)  
  23  1:56  Probe (Chrono Boost)  
  24  2:02  Cybernetics Core  
  24  2:04  Zealot  
  24  2:06  Probe (Chrono Boost)  
  27  2:12  Probe (Chrono Boost)  
  28  2:16  Probe (Chrono Boost)  
  28  2:22  Probe (Chrono Boost)  
  30  2:26  Probe (Chrono Boost)  
  31  2:32  Probe (Chrono Boost)  
  32  2:38  Mothership Core (Chrono Boost)  
  32  2:41  Adept, Warp Gate  
  32  2:42  Probe (Chrono Boost)  
  37  2:52  Probe (Chrono Boost)  
  37  2:53  Gateway  
  37  2:55  Probe (Chrono Boost)  
  39  3:02  Probe (Chrono Boost)  
  39  3:05  Probe (Chrono Boost)  
  40  3:06  Gateway  
  40  3:08  Adept  
  40  3:12  Probe (Chrono Boost)  
  44  3:14  Pylon  
  44  3:15  Probe (Chrono Boost)  
  44  3:19  Pylon  
  45  3:21  Probe (Chrono Boost)  
  46  3:31  Probe x2 (Chrono Boost)  
  48  3:37  Forge  
  48  3:39  Twilight Council  
  48  3:41  Probe x2 (Chrono Boost)  
  48  3:47  Robotics Facility  
  50  3:50  Pylon  
  50  3:51  Probe x2 (Chrono Boost)  
  50  3:53  Protoss Ground Weapons Level 1  
  50  3:54  Adept  
  54  3:59  Adept  
  56  4:03  Probe (Chrono Boost), Adept  
  56  4:04  Probe (Chrono Boost)  
  56  4:07  Pylon  
  60  4:11  Pylon  
  60  4:22  Probe x2  
  62  4:35  Probe, Observer  
  62  4:36  Probe  
  65  4:38  Assimilator  
  65  4:41  Assimilator  
  65  4:47  Adept  
  65  4:48  Adept x2  
  65  4:49  Probe  
  65  4:50  Probe, Shield Upgrade (Chrono Boost)  
  73  4:56  Gateway  
  73  5:00  Gateway  
  73  5:02  Gateway  
  74  5:07  Observer, Pylon  
  74  5:09  Probe  
  74  5:10  Probe, Pylon  
  76  5:17  Pylon, Robotics Bay  
  76  5:25  Adept x2  
  76  5:26  Adept  
  74  5:36  Nexus  
  74  5:42  Protoss Ground Weapons Level 2  
  76  5:47  Adept x3  
  82  5:51  Pylon  
  82  5:53  Pylon  
  82  5:55  Pylon  
  80  6:05  Disruptor (Chrono Boost)  
  80  6:10  Adept x4  
  91  6:17  Photon Cannon  
  91  6:24  Adept x2  
  91  6:34  Adept x4  
  79  6:53  Adept  
  79  6:55  Adept x5  
  74  7:14  Probe  
  69  7:16  Probe x2  
  69  7:17  Adept x3  
  69  7:18  Adept x3  
  81  7:24  Probe  
  81  7:28  Probe  
  81  7:29  Probe, Disruptor (Chrono Boost)  
  84  7:34  Probe  
  88  7:41  Probe  
  88  7:42  Photon Cannon  
  88  7:44  Probe  
  90  7:46  Probe  
  91  7:58  Disruptor (Chrono Boost)  
  89  7:59  Robotics Facility  
  92  8:07  Adept x6  
  104  8:14  Protoss Ground Weapons Level 3  
  102  8:28  Immortal (Chrono Boost)  
  106  8:38  Blink (Chrono Boost)  
  100  8:57  Immortal  
  100  9:01  Adept  
  100  9:02  Adept x5  
  114  9:05  Assimilator  
  114  9:06  Assimilator  
  114  9:16  Immortal  
  118  9:21  Photon Cannon  
  118  9:23  Stalker x4, Photon Cannon  
  122  9:31  Stalker x2  
  113  9:47  Adept x4  
  113  9:48  Warp Prism (Chrono Boost)  
  123  9:56  Stalker x2  
  127  10:00  Immortal (Chrono Boost)  
  131  10:13  Stalker x3  
  131  10:14  Stalker  
  131  10:36  Stalker x4  
  131  10:38  Stalker x2  
  133  10:46  Disruptor x2 (Chrono Boost)  
  123  11:10  Adept x6  
  133  11:38  Adept x6  
  133  11:39  Nexus  
  129  12:02  Stalker x4  
  129  12:06  Stalker x2  
  126  12:24  Disruptor x2 (Chrono Boost)  
  126  12:37  Adept  
  126  12:38  Adept x5  
Show
View Real Time Build Order
Export as new Build Order

Bioice Zerg 

Build Orders: Hatch First, Lurkers 

Get SALT Encoding   

  12  0:02  Drone  
  13  0:09  Drone  
  14  0:15  Extractor  
  14  0:18  Drone  
  14  0:22  Extractor  
  14  0:23  Drone  
  16  0:29  Overlord  
  16  0:51  Hatchery  
  16  0:54  Drone  
  16  1:04  Drone  
  16  1:05  Drone  
  18  1:15  Spawning Pool  
  18  1:18  Extractor  
  16  1:21  Overlord  
  16  1:25  Drone  
  17  1:28  Drone  
  18  1:39  Drone  
  19  1:50  Drone  
  20  2:02  Queen, Zergling x2  
  20  2:03  Queen  
  20  2:04  Drone  
  26  2:11  Drone  
  27  2:16  Drone  
  27  2:19  Metabolic Boost  
  28  2:24  Overlord  
  28  2:25  Drone  
  29  2:32  Drone  
  29  2:36  Drone  
  31  2:46  Drone  
  31  2:47  Hatchery  
  31  2:48  Drone  
  32  2:54  Drone  
  33  2:59  Drone  
  33  3:05  Overlord  
  34  3:06  Queen  
  34  3:12  Drone x2  
  38  3:13  Drone x3  
  38  3:16  Drone  
  42  3:22  Drone x2  
  44  3:29  Overlord  
  44  3:30  Roach Warren, Drone  
  44  3:40  Lair  
  44  3:41  Extractor  
  44  3:42  Extractor  
  44  3:48  Drone x3  
  44  3:49  Drone  
  44  3:50  Drone x2  
  44  3:52  Drone  
  49  4:00  Drone, Extractor  
  49  4:01  Drone x3  
  49  4:02  Overlord  
  52  4:05  Drone  
  52  4:06  Drone  
  54  4:18  Overlord  
  54  4:19  Overlord  
  54  4:30  Roach  
  54  4:31  Roach x7  
  69  4:34  Overlord  
  69  4:38  Glial Reconstitution  
  69  4:41  Roach x2  
  69  4:44  Roach  
  75  4:50  Roach x3  
  83  4:52  Roach  
  83  4:58  Roach x2  
  83  4:59  Roach  
  89  5:05  Roach x2  
  93  5:14  Roach  
  93  5:15  Roach  
  93  5:20  Overlord x2  
  97  5:38  Overlord x2, Roach x3  
  97  5:39  Roach x3  
  97  5:40  Roach x2  
  113  5:49  Overlord  
  113  5:55  Drone  
  113  5:56  Drone x3, Infestation Pit  
  113  5:57  Drone x4  
  120  5:59  Drone  
  121  6:07  Drone  
  121  6:10  Drone  
  123  6:13  Evolution Chamber  
  123  6:14  Evolution Chamber, Drone  
  123  6:15  Drone  
  123  6:21  Drone x6  
  123  6:22  Drone x2  
  131  6:32  Drone x2  
  129  6:35  Hive  
  123  6:41  Drone x3  
  106  6:49  Zerg Missile Weapons Level 1, Zerg Ground Armor Level 1  
  106  6:50  Overlord  
  106  6:52  Drone, Extractor x2  
  101  7:03  Hatchery  
  101  7:07  Roach x4  
  101  7:08  Roach x6  
  102  7:17  Overlord x3  
  102  7:22  Drone x6, Hydralisk Den  
  101  7:24  Drone  
  101  7:26  Roach  
  101  7:27  Roach  
  101  7:29  Roach  
  106  7:36  Roach x2, Extractor x2  
  106  7:37  Roach  
  110  7:40  Roach x2  
  114  7:46  Roach  
  114  7:47  Roach x4  
  124  7:55  Roach  
  124  7:56  Roach x4  
  134  8:01  Viper x3  
  142  8:09  Hydralisk x3  
  142  8:10  Hydralisk  
  150  8:23  Hydralisk x4  
  156  8:38  Roach  
  156  8:39  Roach x9  
  169  8:42  Roach  
  169  8:45  Drone x3  
  169  8:46  Drone x2  
  171  8:57  Roach x2  
  171  9:01  Overlord x4  
  175  9:08  Zerg Missile Weapons Level 2  
  175  9:10  Zerg Ground Armor Level 2  
  175  9:11  Drone  
  175  9:16  Overlord x2  
  176  9:19  Drone  
  177  9:25  Drone  
  177  9:29  Drone x5  
  177  9:30  Roach x2  
  147  9:50  Roach x11  
  147  9:51  Roach  
  165  9:57  Roach  
  165  9:58  Roach x3  
  171  10:01  Lurker Den  
  171  10:06  Roach x2  
  171  10:07  Roach x3  
  181  10:18  Roach x4  
  189  10:26  Roach x5  
  166  10:44  Hydralisk x2, Roach x8  
  166  10:45  Roach  
  166  10:49  Viper  
  175  10:50  Viper  
  175  10:56  Roach  
  175  10:57  Roach x3  
  179  11:08  Hydralisk x5  
  179  11:09  Hydralisk  
  183  11:20  Hydralisk x5  
  163  11:25  Hydralisk  
  163  11:30  Lurker  
  163  11:32  Lurker  
  167  11:37  Roach x3  
  167  11:38  Roach  
  143  11:54  Roach  
  143  11:55  Roach x7  
  151  12:11  Roach x3  
  145  12:22  Roach x3  
  142  12:30  Lurker x5  
  126  12:37  Hatchery  
Tags
 
Add a new tag
Caveats
  • Supply blocks, unpowered buildings, or Contaminate may cause inaccurate times.
  • Supply counts are checked every 10 seconds.